 Dungeon Crawl Stone Soup version 0.28-a0-537-g3bccd9ccbf (webtiles) character file.

Game seed: 3955114712825689232

1145 lunkers the Cleaver (level 8, -10/73 HPs)
             Began as a Hill Orc Cinder Acolyte on Sept 27, 2021.
             Was a High Priest of Ignis.
             Mangled by a sun demon (13 damage)
             ... summoned by a kobold demonologist
             ... on level 6 of the Dungeon.
             The game lasted 00:08:15 (6345 turns).

lunkers the Cleaver (Hill Orc Cinder Acolyte)       Turns: 6345, Time: 00:08:16

Health: -10/73     AC: 10    Str: 19    XL:     8   Next: 37%
Magic:  18/18      EV:  7    Int: 14    God:    Ignis [*****.]
Gold:   190        SH:  0    Dex:  6    Spells: 9/9 levels left

rFire   + . .      SeeInvis .   a - -1 hand axe (flame)
rCold   . . .      Faith    .   (no shield)
rNeg    . . .      Spirit   .   k - +0 chain mail
rPois   .          Reflect  .   h - +0 helmet
rElec   .          Harm     .   (no cloak)
rCorr   .          Rampage  .   n - +0 pair of gloves
Will    .....                   (no boots)
Stlth   ..........              (no amulet)
HPRegen 0.22/turn               r - ring of magical power
MPRegen 0.16/turn               (no ring)

@: no status effects
A: no striking features
a: Renounce Religion, Sea of Fire, Foxfire Swarm, Rising Flame


You were on level 6 of the Dungeon.
You worshipped Ignis.
Ignis was extremely pleased with you.
You visited 1 branch of the dungeon, and saw 6 of its levels.

You collected 190 gold pieces.

Inventory:

Hand Weapons
 a - a -1 hand axe of flaming (weapon)
 f - a +2 dagger of freezing
Armour
 g - a +0 ring mail
 h - a +0 helmet (worn)
 k - a +0 chain mail (worn)
 n - a +0 pair of gloves (worn)
Jewellery
 r - a ring of magical power (left hand)
Scrolls
 b - 4 scrolls of noise {unknown}
 c - 2 scrolls of fog {unknown}
 d - 3 scrolls of identify {unknown}
 e - 2 scrolls of blinking {unknown}
 l - a scroll of magic mapping {unknown}
 p - a scroll of amnesia {unknown}
 s - a scroll of teleportation {unknown}
Potions
 i - a potion of attraction {unknown}
 j - 4 potions of curing {unknown}
 m - a potion of heal wounds {unknown}
 o - a potion of invisibility {unknown}
 q - a potion of mutation {unknown}


   Skills:
 + Level 7.6 Fighting
 * Level 11.0 Axes
 - Level 1.0 Spellcasting
 - Level 3.2 Fire Magic


You had 9 spell levels left.
You didn't know any spells.
Your spell library contained the following spells:

 Spells                   Type           Power      Damage    Failure   Level
 Scorch                   Fire           18%        2d5       82%         2
 Slow                     Hex            0%         N/A       99%         2
 Confusing Touch          Hex            0%         N/A       100%        3
 Yara's Violent Unravell  Hex/Tmut       0%         3d3       100%        5


Dungeon Overview and Level Annotations

Branches:
Dungeon (6/15)
 Temple: D:4-7

Altars:
The Shining One

Shops:
D:2 [

Annotations:
D:4 Dowan, Duvessa


Message History

The kobold demonologist is lightly wounded.
You hit the kobold demonologist but do no damage.
The kobold demonologist is lightly wounded.
The kobold demonologist casts a spell.
You completely miss the kobold demonologist.
The kobold demonologist is lightly wounded.
You hit the sun demon.
The kobold demonologist barely misses you.
You hit the kobold demonologist but do no damage.
The kobold demonologist is lightly wounded.
You barely miss the sun demon. The sun demon hits you!
You are engulfed in flames.
You resist.
A scorpion comes into view.
The kobold demonologist barely misses you.
You closely miss the kobold demonologist.
The kobold demonologist is lightly wounded.
You barely miss the sun demon. The sun demon hits you!
You are engulfed in flames!
You resist.
* * * LOW HITPOINT WARNING * * *
The kobold demonologist closely misses you.
You aren't carrying any items that you can evoke.
Unknown command.
Okay, then.
You slash the kobold demonologist! You burn the kobold demonologist.
The kobold demonologist is heavily wounded.
You hit the sun demon but do no damage. The sun demon hits you.
* * * LOW HITPOINT WARNING * * *
You are engulfed in flames!
You resist.
* * * LOW HITPOINT WARNING * * *
You hit the kobold demonologist. You burn the kobold demonologist.
The kobold demonologist is heavily wounded.
You hit the sun demon. The sun demon hits you!
* * * LOW HITPOINT WARNING * * *
You are engulfed in flames!
You resist.
* * * LOW HITPOINT WARNING * * *
The kobold demonologist completely misses you.
You closely miss the kobold demonologist.
The kobold demonologist is heavily wounded.
You hit the sun demon. The sun demon hits you!
You die...

.......†..........
#.....................
.....................
....................
...................
.........#####+##'
#.....#...........
#.###.#........... .
#@....#...####+### #
#.sK3.#.......###.###
#
#$###.#..............
# # ..#...#..........
# #......###+#######
##Z# #....... .Z.#
#.......# # .........#
# ###. .........#


You could see a sun demon (summoned), a kobold demonologist and a scorpion.

Vanquished Creatures
  Edmund (D:3)
  An ice beast (D:5)
  2 black bears
  A necrophage (D:6)
  3 sky beasts (D:5)
  A water moccasin zombie (D:5)
  A bullfrog zombie (D:6)
  An orc priest (D:6)
  A hound (D:6)
  A bullfrog skeleton (D:6)
  Terence (D:3)
  4 gnolls
  A howler monkey skeleton (D:6)
  6 adders
  A shadow imp (D:5)
  A white imp (D:6)
  3 worms
  2 dart slugs (D:2)
  6 orcs
  6 endoplasms
  6 giant cockroaches
  7 hobgoblins
  4 jackals (D:2)
  5 kobolds
  A quokka (D:1)
  5 ball pythons
  6 bats
  2 frilled lizards (D:1)
  7 goblins
  7 rats
94 creatures vanquished.

Notes
Turn   | Place    | Note
-------+----------+-------------------------------------------
     0 | D:1      | lunkers the Hill Orc Cinder Acolyte began the quest for the
                  | Orb.
     0 | D:1      | Reached XP level 1. HP: 19/19 MP: 2/2
   328 | D:1      | Reached XP level 2. HP: 24/27 MP: 3/3
   710 | D:1      | Found a faded altar of an unknown god.
  1062 | D:1      | Reached skill level 5 in Axes
  1073 | D:1      | Reached XP level 3. HP: 26/33 MP: 4/4
  1238 | D:2      | Found Daenogu's Armour Shoppe.
  1663 | D:2      | Reached XP level 4. HP: 41/41 MP: 5/5
  2338 | D:3      | Reached skill level 6 in Axes
  2364 | D:3      | Noticed Terence
  2371 | D:3      | Killed Terence
  2597 | D:3      | Reached XP level 5. HP: 44/47 MP: 6/6
  3033 | D:4      | Noticed Duvessa
  3225 | D:4      | Noticed Edmund
  3252 | D:3      | HP: 1/47 [Edmund (11)]
  3253 | D:3      | Killed Edmund
  3254 | D:3      | Reached skill level 5 in Fighting
  3254 | D:3      | Reached skill level 7 in Axes
  3254 | D:3      | Reached XP level 6. HP: 2/56 MP: 7/7
  3555 | D:4      | Noticed Dowan
  3802 | D:5      | Entered Level 5 of the Dungeon
  3868 | D:5      | Noticed a sky beast
  3888 | D:5      | Killed a sky beast
  3889 | D:5      | Reached skill level 8 in Axes
  3960 | D:5      | Noticed a sky beast
  3983 | D:5      | Killed a sky beast
  4185 | D:5      | Found a glowing golden altar of the Shining One.
  4231 | D:5      | Reached XP level 7. HP: 26/63 MP: 8/8
  4645 | D:5      | Reached skill level 9 in Axes
  5588 | D:5      | Reached skill level 10 in Axes
  5852 | D:6      | Reached XP level 8. HP: 27/73 MP: 9/9
  6334 | D:6      | Noticed a kobold demonologist
  6335 | D:6      | Reached skill level 11 in Axes
  6337 | D:6      | Noticed a hellwing
  6340 | D:6      | Noticed a sun demon
  6344 | D:6      | HP: 3/73 [sun demon[a kobold demonologist] (7)]
  6345 | D:6      | Mangled by a sun demon

Illustrated notes

Levels and vault maps discovered:
D:1:      dpeg_arrival_court, layout_basic,
          shapermc_ecumenical_altar_starsandcircs,
          chequers_serial_rivers_micro_c, glass_columns_c
D:2:      layout_basic, serial_shops, shop
D:3:      layout_rooms, uniq_terence
D:4:      layout_rooms, chequers_jeans, minmay_misc_feat_chi, uniq_edmund,
          uniq_duvessa
D:5:      layout_loops_ring, mainiacjoe_overflow_alcove_1,
          cheibrodos_sewer_entry_bend
D:6:      hangedman_cross_stitches, layout_gridville,
          chequers_serial_rivers_small_3, uniq_prince_ribbit1

Skill      XL: |  1  2  3  4  5  6  7  8 |
---------------+-------------------------+-----
Fighting       | 4 5 6 7 |  7.6
Axes           | 5 6 7 8 10 11 | 11.0
Spellcasting   | |  1.0
Fire Magic     | |  3.2

Action                   |  1- 3 |  4- 6 |  7- 9 || total
-------------------------+-------+-------+-------++-------
Melee: Hand axe          |    99 |   140 |   183 ||   422
Evoke: Wand              |       |     4 |     2 ||     6
Armor: Robe              |    17 |       |       ||    17
       Ring mail         |    14 |    20 |       ||    34
       Chain mail        |       |    21 |    90 ||   111
Dodge: Dodged            |    65 |    52 |    56 ||   173

Table legend: (Time is in decaauts)
 A = Elapsed time spent in this place.
 B = Non-inter-level travel time spent in this place.
 C = Inter-level travel time spent in this place.
 D = Time resting spent in this place.
 E = Time spent auto-exploring this place.
 F = Levels seen in this place.
 G = Mean time per level.
                   A        B        C        D        E       F      G
               +--------+--------+--------+--------+--------+-----+--------+
         Total |   6323 |   6148 |    175 |    993 |   4037 |   6 | 1053.8 |
       Dungeon |   6323 |   6148 |    175 |    993 |   4037 |   6 | 1053.8 |
               +--------+--------+--------+--------+--------+-----+--------+

Top non-repeatable levels by time:
     D:5: 2110 daAuts
     D:1: 1242 daAuts
     D:3: 1233 daAuts
     D:2: 1091 daAuts
     D:4: 408 daAuts
     D:6: 237 daAuts
